 Dungeon Crawl Stone Soup version 0.29.1-15-g9cfb28693d (webtiles) character file.

Game seed: 13496146582560379007

60083 ThatPearl the Destroyer (level 14, -7/118 HPs)
             Began as a Demigod Conjurer on Mar 19, 2023.
             Killed by an exploding fulminant prism (58 damage)
             ... on level 5 of the Lair of Beasts on Mar 22, 2023.
             The game lasted 02:08:26 (33286 turns).

ThatPearl the Destroyer (Demigod Conjurer)         Turns: 33286, Time: 02:08:26

Health: -7/118     AC:  6    Str:  8    XL:     14   Next: 20%
Magic:  7/33       EV: 33    Int: 36    God:
Gold:   960        SH:  6    Dex: 12    Spells: 2/33 levels left

rFire   + . .      SeeInvis .   b - staff of conjuration
rCold   + . .      Faith    .   l - +0 buckler
rNeg    . . .      Spirit   .   L - +1 robe {rC+ rF+}
rPois   .          Reflect  .   V - +0 helmet
rElec   .          Harm     .   (no cloak)
rCorr   .          Rampage  .   Y - +0 pair of gloves {hurl}
Will    +....                   r - +0 pair of boots
Stlth   ++........              M - amulet of the acrobat
HPRegen 0.29/turn               Q - ring of wizardry
MPRegen 0.23/turn               y - +4 ring of evasion

@: acrobatic, very slightly contaminated
A: high MP 1, forlorn, divine attributes
a: no special abilities


You were on level 5 of the Lair of Beasts.
You visited 4 branches of the dungeon, and saw 20 of its levels.
You also visited: Sewer and Ice Cave.

You collected 2043 gold pieces.
You spent 1083 gold pieces at shops.

Inventory:

Hand Weapons
 a - the +4 trident of the Real Monster {vorpal, rC+ Will+ Int+6}
   (You found it on level 4 of the Lair of Beasts)

   It inflicts extra damage upon your enemies.
   Int:       It affects your intelligence (+6).
   rC:        It protects you from cold.
   Will:      It increases your willpower.
 H - the +11 short sword of the Realm of Zot {vamp, Dex+6}
   (You found it on level 8 of the Dungeon)

   It occasionally heals its wielder for a portion of the damage dealt when it
   wounds a living foe.
   Dex:       It affects your dexterity (+6).
 T - a +5 scimitar of flaming
Missiles
 f - 4 curare-tipped darts
 s - 3 boomerangs of dispersal
 u - a throwing net
 E - 4 silver boomerangs
Armour
 l - a +0 buckler (worn)
 r - a +0 pair of boots (worn)
 L - a +1 robe of resistance (worn)
 S - a +0 kite shield of reflection
 U - a +2 ring mail of cold resistance
 V - a +0 helmet (worn)
 Y - a +0 pair of gloves of hurling (worn)
Magical Staves
 b - a staff of conjuration (weapon)
 C - a staff of cold
 R - a staff of earth
Jewellery
 j - a +6 ring of strength
 y - a +4 ring of evasion (right hand)
 F - a +6 ring of dexterity
 M - an amulet of the acrobat (around neck)
 Q - a ring of wizardry (left hand)
Wands
 i - a wand of acid (5)
 k - a wand of paralysis (5)
 N - a wand of iceblast (12)
 W - a wand of flame (11)
 Z - a wand of polymorph (7)
Scrolls
 d - 2 scrolls of magic mapping
 h - a scroll of identify
 m - 3 scrolls of poison
 n - a scroll of silence
 o - a scroll of blinking
 p - a scroll of torment {unknown}
 q - a scroll of amnesia
 t - 8 scrolls of enchant weapon
 x - a scroll of vulnerability
 z - a scroll of brand weapon
 K - 5 scrolls of teleportation
 O - a scroll of fog {unknown}
 X - 3 scrolls of fear
Potions
 c - 8 potions of heal wounds
 e - a potion of invisibility
 g - 8 potions of curing
 w - 3 potions of might
 A - 5 potions of flight
 B - 2 potions of resistance
 D - 4 potions of haste
 G - 3 potions of cancellation
 I - 7 potions of brilliance
 J - 3 potions of mutation
 P - 2 potions of ambrosia
Miscellaneous
 v - a condenser vane


   Skills:
 + Level 9.0 Fighting
 - Level 7.0 Dodging
 - Level 1.7 Stealth
 + Level 8.0 Shields
 + Level 10.3 Spellcasting
 + Level 12.5 Conjurations
 - Level 7.2 Hexes
 + Level 2.0 Necromancy
 - Level 3.0 Transmutations
 - Level 2.1 Ice Magic
 + Level 7.5 Earth Magic


You had 2 spell levels left.
You knew the following spells:

 Your Spells              Type           Power      Damage    Failure   Level
a - Ozocubu's Armour      Ice            34%        N/A       1%          3
b - Borgnjor's Vile Clut  Necr/Erth      26%        N/A       4%          5
d - Tukima's Dance        Hex            63%        N/A       1%          3
f - Fulminant Prism       Conj/Hex       47%        3d21      1%          4
i - Irradiate             Conj/Tmut      42%        3d25      1%          5
m - Magic Dart            Conj           100%       1d8       0%          1
p - Passwall              Tmut/Erth      45%        N/A       1%          2
r - Iron Shot             Conj/Erth      47%        9d9       2%          6
s - Searing Ray           Conj           100%       2d8       1%          2

Your spell library contained the following spells:

 Spells                   Type           Power      Damage    Failure   Level
 Apportation              Tloc           36%        N/A       1%          1
 Foxfire                  Conj/Fire      100%       2x1d9     1%          1
 Freeze                   Ice            100%       1d11      1%          1
 Necrotise                Necr           100%       1d9       1%          1
 Sandblast                Erth           100%       2d20      1%          1
 Slow                     Hex            100%       N/A       1%          1
 Summon Small Mammal      Summ           72%        N/A       1%          1
 Ensorcelled Hibernation  Hex/Ice        100%       N/A       1%          2
 Sublimation of Blood     Necr           33%        N/A       1%          2
 Conjure Flame            Conj/Fire      77%        6-21      1%          3
 Dazzling Flash           Conj/Hex       100%       N/A       1%          3
 Frozen Ramparts          Ice            68%        1d11      1%          3
 Inner Flame              Hex/Fire       44%        N/A       1%          3
 Portal Projectile        Hex/Tloc       88%        N/A       1%          3
 Spider Form              Tmut/Pois      29%        N/A       1%          3
 Stone Arrow              Conj/Erth      100%       3d13      1%          3
 Anguish                  Hex/Necr       25%        N/A       1%          4
 Cause Fear               Hex            31%        N/A       1%          4
 Flame Wave               Conj/Fire      77%        2d17      1%          4
 Hailstorm                Conj/Ice       82%        3d17      1%          4
 Iskenderun's Mystic Bla  Conj/Tloc      77%        2d15      1%          4
 Petrify                  Tmut/Erth      54%        N/A       1%          4
 Metabolic Englaciation   Hex/Ice        25%        N/A       4%          5
 Blade Hands              Tmut           20%        N/A       9%          5
 Alistair's Intoxication  Tmut/Pois      19%        N/A       16%         5
 Summon Forest            Summ/Tloc      9%         N/A       30%         5
 Enfeeble                 Hex            31%        N/A       41%         7
 Simulacrum               Ice/Necr       16%        N/A       54%         6
 Eringya's Noxious Bog    Tmut/Pois      14%        N/A       63%         6
 Discord                  Hex            31%        N/A       97%         8
 Summon Hydra             Summ           9%         N/A       100%        7


Dungeon Overview and Level Annotations

Branches:
Dungeon (12/15)            Temple (1/1) D:7            Lair (5/5) D:9
 Shoals (0/4) Lair:3        Snake (0/4) Lair:2        Slime (0/5) Lair:4
    Orc (2/2) D:12            Elf (0/3) Orc:2         Sewer (visited)
  IceCv (visited)

Shops:
D:1 :   D:2 :   D:5 [   D:9 (   Orc:2 [:(*

Annotations:
D:9 3 runed translucent doors, Gadrel's ghost, novice DjFi
D:11 2 transporters, BuddhaDhamma's ghost, journeyman MiBe
Lair:4 2 transporters, Xafas's ghost, journeyman DrCj


Innate Abilities, Weirdness & Mutations

You have an increased reservoir of magic. (+10% MP)
You shall have no god before yourself.
Your divine heritage dramatically boosts your attributes as you level up.


Message History

Your fulminant prism crackles loudly.
Casting: Iron Shot (dangerous; 2% risk of failure)
Confirm with . or Enter, or press ? or * to list all spells.
Aiming: Fulminant Prism (safe; 1% risk of failure)
Press: ? - help, Dir - move target, p - fire dragon You feel a surge of power!
You conjure a prism of explosive energy!
A fulminant prism comes into view.
The komodo dragon is engulfed in a cloud of scalding steam.
The swamp dragon bites you! The swamp dragon barely misses you.
The swamp dragon tramples you.
You hold your ground!
The fire dragon breathes flames at you. The blast of flame hits you!!
You resist.
Your fulminant prism explodes!
The blast of energy engulfs the fire dragon!
The fire dragon is almost dead.
The blast of energy engulfs the komodo dragon!!
You kill the komodo dragon!
The blast of energy engulfs the swamp dragon!!
You kill the swamp dragon!
The swamp dragon scales are intact enough to wear.
You hear an angry hiss.
Your Shields skill increases to level 8!
Casting: Fulminant Prism (safe; 1% risk of failure)
Confirm with . or Enter, or press ? or * to list all spells.
You feel a surge of power!
You erupt in a fountain of uncontrolled magic!
The fire dragon is blasted with magical radiation!!!
You kill the fire dragon!
The fire dragon scales are intact enough to wear.
The komodo dragon is blasted with magical radiation!!!
You kill the komodo dragon!
You are very lightly contaminated with residual magic.
Your fulminant prism crackles loudly.
Your Fighting skill increases to level 9!
Your Necromancy skill increases to level 2!
Found a potion of mutation, a scroll labelled QAUDUEGIGE and 3 stones.
Your fulminant prism explodes!
The blast of energy engulfs you!!!
You die...

.♣....≈†.♣♣♣~~P.♣♣♣
♣♣...≈~.♣♣♣♣♣.....♣
≈...≈~P♣♣♣.♣♣♣~~~.♣♣
.~♣≈~♣♣♣ (.(?♣♣~≈..♣
~~♣~♣♣ !)?.♣♣♣≈≈~♣
≈♣♣♣♣ ...$.~♣≈†≈♣ ≈
~~..~~~~..♣ ≈
≈≈~~~≈~[.♣♣
≈≈.≈≈~.@♣♣ .~..~..♣♣
..♣~.♣♣ ♣.. ♣♣


There were no monsters in sight!

Vanquished Creatures
  Donald (Orc:2)
  An orc warlord (Orc:2)
  Nessos (Orc:2)
  A fire dragon (Lair:5)
  Fannar (D:11)
  Josephine (D:12)
  Harold (D:10)
  4 hydras
  A catoblepas (Lair:5)
  Erica (D:8)
  A boulder beetle (D:11)
  2 two-headed ogres
  An orc high priest (Orc:2)
  Nergalle (D:11)
  Amaemon (D:8)
  A swamp dragon (Lair:5)
  3 orc knights
  4 orc sorcerers
  3 manticores (D:12)
  3 ugly things
  8 elephants
  Joseph (D:8)
  4 black mambas
  3 ice statues (IceCv)
  An orange demon (D:8)
  7 cane toads
  3 rime drakes (Lair:5)
  An unseen horror (D:12)
  Maggie (D:8)
  12 komodo dragons
  2 ice devils (Lair:1)
  Psyche (D:9)
  A kobold demonologist (D:12)
  4 trolls
  2 polar bears
  3 hornets (D:9)
  21 blink frogs
  13 slime creatures
  7 wraiths
  34 yaks
  2 wyverns (Lair:1)
  3 basilisks
  A steam dragon (D:8)
  4 vampire mosquitoes
  3 wargs
  2 harpy simulacra (IceCv)
  Edmund (D:6)
  Menkaure (D:7)
  4 water moccasins
  3 nagas (Lair:2)
  4 hell hounds (Lair:5)
  3 swamp drakes
  28 orc warriors
  11 black bears
  26 wolves
  13 ogres
  5 centaurs
  2 phantoms
  10 bullfrogs
  3 kobold brigands
  5 gnoll sergeants
  5 necrophages
  5 scorpions
  A cane toad simulacrum (IceCv)
  8 killer bees (D:9)
  4 electric eels
  5 howler monkeys
  2 jellies
  4 hounds
  7 orc priests
  3 iguanas
  25 orc wizards
  3 wolf simulacra (IceCv)
  18 gnolls
  A river rat (Sewer)
  9 adders
  A shadow imp (D:5)
  A white imp (D:7)
  4 ufetubi
  5 worms
  2 dart slugs
  57 orcs
  11 ball pythons
  16 endoplasms
  10 giant cockroaches
  13 goblins
  8 hobgoblins
  8 jackals
  27 kobolds
  6 quokkas
  6 bats
  6 frilled lizards
  9 rats
  A fulminant prism (IceCv)
587 creatures vanquished.

Vanquished Creatures (collateral kills)
  An orc knight (Orc:2)
1 creature vanquished.

Vanquished Creatures (others)
  2 dancing weapons (Orc:2)
  A bush (D:11)
  120 fulminant prisms
  53 fungi
  75 plants
251 creatures vanquished.

Grand Total: 839 creatures vanquished

Notes
Turn   | Place    | Note
-------+----------+-------------------------------------------
     0 | D:1      | ThatPearl the Demigod Conjurer began the quest for the Orb.
     0 | D:1      | Reached XP level 1. HP: 14/14 MP: 5/5
   107 | D:1      | Found Zoget's Book Emporium.
   251 | D:1      | Reached XP level 2. HP: 22/22 MP: 2/7
   254 | D:1      | Learned a level 2 spell: Searing Ray
   552 | D:1      | Reached skill level 1 in Fighting
  1417 | D:2      | Reached XP level 3. HP: 28/28 MP: 6/9
  1421 | D:2      | Learned a level 3 spell: Tukima's Dance
  1428 | D:2      | Reached skill level 4 in Conjurations
  2040 | D:2      | Found Juqefuqi's Vocational Training.
  2788 | D:3      | HP: 1/28 [orc priest/divine providence (14)]
  2795 | D:3      | Reached skill level 1 in Hexes
  2795 | D:3      | Reached XP level 4. HP: 22/36 MP: 6/10
  3583 | D:4      | Learned a level 2 spell: Passwall
  3689 | D:4      | Identified the +5 whip of Ferocious Defiance {venom, Int+4}
  3878 | D:4      | Noticed a phantom
  3887 | D:4      | Killed a phantom
  3888 | D:4      | Reached XP level 5. HP: 35/41 MP: 4/12
  3891 | D:4      | Noticed a black bear
  3988 | D:4      | Killed a black bear
  3989 | D:4      | Reached skill level 5 in Conjurations
  3989 | D:4      | Reached XP level 6. HP: 44/50 MP: 4/13
  4791 | D:5      | Entered Level 5 of the Dungeon
  4891 | D:5      | Found a glowing drain.
  4899 | Sewer    | Entered a sewer
  5255 | Sewer    | Reached XP level 7. HP: 56/56 MP: 9/15
  5592 | D:5      | Reached skill level 6 in Conjurations
  5621 | D:5      | Found Paenol's Armour Shop.
  5779 | D:5      | Got Sif Muna's Guidebook on Glacial Curses
  6097 | D:5      | Learned a level 4 spell: Fulminant Prism
  6367 | D:5      | Reached XP level 8. HP: 59/63 MP: 7/17
  6388 | D:5      | Reached skill level 7 in Conjurations
  6798 | D:5      | Bought a +2 robe of fire resistance for 265 gold pieces
  7261 | D:6      | Learned a level 1 spell: Slow
  7451 | D:6      | Noticed Edmund
  7459 | D:6      | Killed Edmund
  7961 | D:6      | Reached skill level 5 in Spellcasting
  8466 | D:7      | Found a staircase to the Ecumenical Temple.
  8695 | D:7      | Reached XP level 9. HP: 69/69 MP: 14/20
  8747 | D:7      | Reached skill level 5 in Hexes
  8780 | D:7      | Learned a level 5 spell: Irradiate
  9167 | D:7      | Noticed Menkaure
  9170 | D:7      | Killed Menkaure
  9532 | D:8      | Noticed Maggie
  9540 | D:8      | Killed Maggie
  9541 | D:8      | Reached skill level 5 in Dodging
  9541 | D:8      | Reached skill level 8 in Conjurations
  9760 | D:8      | Noticed Joseph
  9766 | D:8      | Noticed Erica
  9976 | D:8      | Noticed an orange demon
  9978 | D:8      | Noticed Amaemon
 10220 | D:8      | Killed Erica
 10405 | D:8      | Killed Joseph
 11076 | D:8      | Identified the +11 short sword of the Realm of Zot {vamp,
                  | Dex+6}
 11384 | D:8      | Killed an orange demon
 11384 | D:8      | Killed Amaemon
 11385 | D:8      | Reached XP level 10. HP: 77/77 MP: 11/23
 11507 | D:9      | Found a staircase to the Lair.
 11581 | D:9      | Reached skill level 9 in Conjurations
 12491 | D:9      | Found Durr's Antique Weapon Shoppe.
 12499 | D:9      | Noticed Psyche
 12505 | D:9      | Killed Psyche
 12991 | D:9      | Found a runed translucent gate.
 12992 | D:9      | Found a runed translucent gate.
 12992 | D:9      | Found a runed translucent gate.
 12994 | D:9      | Noticed Gadrel's ghost (novice DjFi)
 13598 | D:10     | Entered Level 10 of the Dungeon
 13636 | Lair:1   | Entered Level 1 of the Lair of Beasts
 13681 | Lair:1   | Reached skill level 1 in Ice Magic
 13717 | Lair:1   | Found a frozen archway.
 13733 | Lair:1   | Reached skill level 1 in Shields
 13742 | IceCv    | Entered an ice cave
 13911 | IceCv    | Noticed a white ugly thing
 13974 | IceCv    | Killed a white ugly thing
 13975 | IceCv    | Reached XP level 11. HP: 59/84 MP: 11/26
 14528 | IceCv    | Reached skill level 10 in Conjurations
 14775 | IceCv    | Got Saemet's Anthology of Geology and Moulding
 14832 | Lair:1   | Learned a level 6 spell: Iron Shot
 14854 | Lair:1   | Noticed a six-headed hydra
 14866 | Lair:1   | Killed a six-headed hydra
 15066 | Lair:1   | Reached skill level 1 in Earth Magic
 15422 | Lair:1   | Reached skill level 5 in Fighting
 16775 | Lair:1   | Noticed a seven-headed hydra
 16784 | Lair:1   | Killed a seven-headed hydra
 18021 | Lair:2   | Found a staircase to the Snake Pit.
 18032 | Lair:2   | Reached XP level 12. HP: 41/95 MP: 16/28
 18647 | Lair:2   | Identified a scroll of acquirement
 18648 | Lair:2   | Acquired a staff of conjuration
 18735 | Lair:2   | Learned a level 3 spell: Ozocubu's Armour
 19756 | Lair:3   | Reached skill level 5 in Shields
 19756 | Lair:3   | Reached skill level 11 in Conjurations
 19865 | Lair:3   | Found a staircase to the Shoals.
 19881 | Lair:3   | Noticed a four-headed hydra
 19889 | Lair:3   | Killed a four-headed hydra
 20975 | Lair:4   | Reached skill level 5 in Earth Magic
 21466 | Lair:4   | Found a staircase to the Slime Pits.
 21606 | Lair:4   | Reached skill level 1 in Transmutations
 21757 | Lair:4   | Found a transporter.
 21759 | Lair:4   | Found a transporter.
 21843 | Lair:4   | Noticed Xafas's ghost (journeyman DrCj)
 21861 | Lair:4   | Identified the +4 trident of the Real Monster {vorpal, rC+
                  | Will+ Int+6}
 22731 | D:10     | Noticed Harold
 22735 | D:10     | Killed Harold
 23530 | D:10     | Reached XP level 13. HP: 96/105 MP: 10/30
 24158 | D:11     | Identified the +3 falchion "Immagaer" {freeze, rC+ Dex+2}
 24219 | D:11     | Noticed Nergalle
 24222 | D:11     | Killed Nergalle
 24302 | D:11     | Noticed BuddhaDhamma's ghost (journeyman MiBe)
 24511 | D:11     | Found a transporter.
 24526 | D:11     | Found a transporter.
 24570 | D:11     | Noticed Fannar
 25167 | D:11     | Killed Fannar
 25669 | D:12     | Noticed Josephine
 25682 | D:12     | Killed Josephine
 27370 | D:12     | Found a staircase to the Orcish Mines.
 27738 | Temple   | Entered the Ecumenical Temple
 27920 | Orc:1    | Entered Level 1 of the Orcish Mines
 28362 | Orc:1    | Reached skill level 12 in Conjurations
 28902 | Orc:2    | Entered Level 2 of the Orcish Mines
 28970 | Orc:2    | Found Ybraokhlog's General Store.
 28970 | Orc:2    | Noticed an orc warlord
 29137 | Orc:2    | Found Xaqociex's Antique Weapon Shoppe.
 29704 | Orc:2    | Killed an orc warlord
 30197 | Orc:2    | Found Tiraurec's Book Emporium.
 30445 | Orc:2    | Noticed Donald
 30456 | Orc:2    | Killed Donald
 30495 | Orc:2    | Noticed Nessos
 30497 | Orc:2    | Killed Nessos
 30498 | Orc:2    | Reached skill level 10 in Spellcasting
 30974 | Orc:2    | Found Ros Zedu's Antique Armour Boutique.
 31090 | Orc:2    | Found a staircase to the Elven Halls.
 31092 | Orc:2    | Bought a runed robe for 107 gold pieces
 31092 | Orc:2    | Bought a pair of embroidered gloves for 217 gold pieces
 31436 | Orc:2    | Bought Great Wizards, Vol. II for 494 gold pieces
 31442 | Orc:2    | Learned a level 5 spell: Borgnjor's Vile Clutch
 31690 | Lair:5   | Entered Level 5 of the Lair of Beasts
 32100 | Lair:5   | Reached XP level 14. HP: 114/116 MP: 8/32
 32363 | Lair:5   | Reached skill level 1 in Necromancy
 33286 | Lair:5   | Killed by an exploding fulminant prism

Illustrated notes

Levels and vault maps discovered:
D:1:      psy_arrival_heroes, layout_rooms, serial_shops, shop_statue
D:2:      layout_loops_corners, serial_glass, glass_columns_b, glass_columns_b,
          nicolae_shop_vocational
D:3:      layout_loops_corners, hellmonk_ecumenical_altar_arch_garden
D:4:      layout_cave_pods, minmay_checkerbox
D:5:      layout_gridville, nzn_overflow_gifts_of_might_and_magic, serial_shops,
          nicolae_shop_hallway_plus, gup_sewer_entry_pipe
D:6:      layout_loops_ring, minitemple, water_maze_lemuel, uniq_edmund
D:7:      layout_basic, kennysheep_mini, okawaru_trees_2,
          minmay_temple_entry_trees, hangedman_glass_teeth,
          kennysheep_decorative_pillar, uniq_menkaure
D:8:      layout_gridville, uniq_joseph, uniq_maggie, uniq_erica, uniq_amaemon
D:9:      layout_loops_ring, lair_entry_dummy, gammafunk_ghost_necromancy,
          serial_shops, shop, uniq_psyche
D:10:     layout_gridville, uniq_harold
D:11:     layout_gridville, gammafunk_ghost_wrathful_warriors,
          trog_ov_bears_minmay, uniq_fannar, uniq_nergalle
D:12:     layout_loops_ring, erik_orc_1, serial_glass, glass_columns_c,
          glass_columns_a, glass_columns_a, glass_columns_b, uniq_josephine
Temple:   nicolae_temple_ecumenical_triangle
Lair:1:   layout_roguey, portal_ice_cave_demonic_guard, st_stairs_5,
          grunt_megastairs_4
Lair:2:   layout_loops_ring, guppyfry_snake_entry_garden
Lair:3:   layout_chaotic_city, shoals_dummy_entry
Lair:4:   layout_roguey, slime_entry_1, gammafunk_ghost_hive,
          infiniplex_staircase_pool
Lair:5:   hangedman_lair_caniforms_friends, layout_misc_corridors,
          guppyfry_lair_end_dragon
Orc:1:    layout_caves
Orc:2:    grunt_orc_gardens, layout_caves, grunt_orc_garden, grunt_orc_garden,
          grunt_orc_garden, grunt_orc_garden, uniq_donald, uniq_nessos

Skill      XL: |  1  2  3  4  5  6  7  8  9 10 11 12 13 14 |
---------------+-------------------------------------------+-----
Spellcasting   | 2 3 4 5 6 7 8 9 10 | 10.3
Fighting       | 1 2 3 4 5 7 8 9 |  9.0
Conjurations   | 4 5 6 7 8 9 10 11 12 | 12.5
Hexes          | 1 2 3 4 6 7 |  7.2
Dodging        | 3 4 6 7 |  7.0
Ice Magic      | 1 2 |  2.1
Shields        | 1 4 6 7 8 |  8.0
Earth Magic    | 3 5 7 |  7.5
Transmutations | 2 3 |  3.0
Necromancy     | 2 |  2.0
Stealth        | |  1.7

Action                   |  1- 3 |  4- 6 |  7- 9 | 10-12 | 13-15 || total
-------------------------+-------+-------+-------+-------+-------++-------
Melee: Dagger            |     8 |       |       |       |       ||     8
       Whip              |       |    13 |    36 |     2 |       ||    51
       Short sword       |       |       |       |    22 |    18 ||    40
       Punch             |       |       |       |     2 |       ||     2
       Staff             |       |       |       |     3 |     9 ||    12
 Fire: Sling             |     5 |    31 |       |       |       ||    36
Throw: Boomerang         |       |       |     2 |       |       ||     2
 Cast: Magic Dart        |   108 |    93 |   134 |   186 |   159 ||   680
       Searing Ray       |       |    13 |    36 |   107 |    31 ||   187
       Fulminant Prism   |       |       |    22 |    53 |    46 ||   121
       Tukima's Dance    |       |       |     1 |       |     7 ||     8
       Irradiate         |       |       |       |    46 |    14 ||    60
       Slow              |       |       |       |     3 |       ||     3
       Iron Shot         |       |       |       |     8 |   110 ||   118
       Ozocubu's Armour  |       |       |       |     1 |       ||     1
       Borgnjor's Vile C |       |       |       |       |     2 ||     2
Evoke: Wand              |       |       |       |     3 |     1 ||     4
  Use: Scroll            |     1 |    11 |     4 |    10 |     6 ||    32
       Potion            |     2 |       |     2 |     2 |     1 ||     7
 Stab: Sleeping          |     1 |       |     1 |       |       ||     2
       Distracted        |       |       |       |     1 |       ||     1
       Petrified         |       |       |       |       |     3 ||     3
Armor: Robe              |     2 |     7 |    14 |    46 |    21 ||    90
       Ring mail         |       |       |       |    40 |       ||    40
Dodge: Dodged            |    12 |    29 |    53 |   252 |   140 ||   486
Block: Buckler           |       |       |       |    58 |    40 ||    98
